 Dungeon Crawl Stone Soup version 0.29-a0-393-g47a863cc1b (webtiles) character file.

Game seed: 14122148954127370175

114688 holysushi the Bludgeoner (level 16, -3/183 HPs)
             Began as a Troll Chaos Knight on May 9, 2022.
             Was a Plaything of Xom.
             Constricted to death by a shambling mangrove (20 damage)
             ... on level 4 of the Swamp on May 10, 2022.
             The game lasted 01:05:41 (25459 turns).

holysushi the Bludgeoner (Troll Chaos Knight)      Turns: 25459, Time: 01:05:42

Health: -3/183     AC: 12    Str: 28    XL:     16   Next: 16%
Magic:  15/15      EV: 21    Int:  8    God:    Xom [..*...]
Gold:   1130       SH:  6    Dex: 27    Spells: 15/15 levels left

rFire   + + +      SeeInvis +   a - +8 giant spiked club (drain)
rCold   + . .      Faith    .   (shield currently unavailable)
rNeg    . . .      Spirit   .   i - +0 swamp dragon scales
rPois   +          Reflect  .   (helmet unavailable)
rElec   .          Harm     .   C - scarf {repulsion}
rCorr   .          Rampage  .   (gloves unavailable)
Will    ++++.                   (boots unavailable)
Stlth   ++++......              d - amulet "Qefol" {Acrobat Stlth+}
HPRegen 1.20/turn               E - ring "Muphofod" {Fly rF+ Will+ EV+4}
MPRegen 0.14/turn               U - +6 ring of dexterity

@: about to teleport, grasped by roots, acrobatic, flying, constricted, repel
missiles, unable to read
A: large, unfitting armour, claws 3, regeneration 1, shaggy fur 2, tough skin 1,
beak, horns 3, talons 1, iridescent scales 1, large bone plates 2, thin skeletal
structure 1, see invisible, agile 2, cold resistance 1, fire resistance 2,
strong-willed 2, sense surroundings 1, robust 1, strong 2, evolution 1,
inability to read while threatened, MP-powered wands
a: Renounce Religion


You were on level 4 of the Swamp.
You worshipped Xom.
You were a toy of Xom.
You visited 5 branches of the dungeon, and saw 24 of its levels.
You also visited: Sewer and Bailey.

You collected 2341 gold pieces.
You spent 1211 gold pieces at shops.

Inventory:

Hand Weapons
 a - a +8 giant spiked club of draining (weapon)
 b - a +0 whip of electrocution
Missiles
 g - 2 throwing nets
 h - 12 javelins
 D - 10 silver javelins
 F - 23 boomerangs (quivered)
 N - 11 large rocks
Armour
 i - +0 swamp dragon scales (worn)
 j - a scarf of invisibility
 u - a +1 cloak of preservation
 C - a scarf of repulsion (worn)
 H - a +1 robe of willpower
 P - a +2 hat of see invisible
Jewellery
 d - the amulet "Qefol" (around neck) {Acrobat Stlth+}
   (You found it on level 1 of the Swamp)

   [amulet of the acrobat]

   It increases your evasion while moving and waiting.
   Stlth:     It makes you more stealthy.
 E - the ring "Muphofod" (left claw) {Fly rF+ Will+ EV+4}
   (You acquired it on level 2 of the Orcish Mines)

   [ring of evasion]

   EV:        It affects your evasion (+4).
   rF:        It protects you from fire.
   Fly:       It grants you flight.
   Will:      It increases your willpower.
 I - a ring of resist corrosion
 Q - a ring of positive energy
 U - a +6 ring of dexterity (right claw)
 W - a ring of protection from cold
 X - an amulet of regeneration
Wands
 q - a wand of mindburst (22)
 s - a wand of acid (25)
 t - a wand of iceblast (14)
 z - a wand of flame (70)
 G - a wand of paralysis (2)
 L - a wand of digging (3)
 V - a wand of polymorph (4)
Scrolls
 f - a scroll of fog
 r - a scroll of fear
 w - 8 scrolls of teleportation
 y - 2 scrolls of blinking
 A - 3 scrolls of enchant armour
 B - 4 scrolls of silence
 K - 7 scrolls of magic mapping
 M - 10 scrolls of identify
 R - 5 scrolls of amnesia
Potions
 e - 2 potions of magic
 k - a potion of haste
 l - 2 potions of resistance
 m - 6 potions of flight
 o - 3 potions of lignification
 p - 2 potions of ambrosia
 v - 3 potions of berserk rage
 x - 7 potions of mutation
 O - 2 potions of heal wounds
 S - 5 potions of attraction
 T - 3 potions of curing
 Y - 3 potions of might
 Z - 3 potions of brilliance
Miscellaneous
 c - a piece from Xom's chessboard (15/15)
 n - a lightning rod (4/4)


   Skills:
 + Level 12.7 Fighting
 * Level 18.8 Maces & Flails
 + Level 1.2 Armour
 * Level 12.8 Dodging
 - Level 2.0 Stealth
 - Level 2.0 Evocations


You had 15 spell levels left.
You didn't know any spells.
Your spell library contained the following spells:

 Spells                   Type           Power      Damage    Failure   Level
 Beastly Appendage        Tmut           0%         N/A       54%         1
 Foxfire                  Conj/Fire      0%         2x1d4     54%         1
 Magic Dart               Conj           0%         1d3       54%         1
 Summon Small Mammal      Summ           0%         N/A       54%         1
 Call Imp                 Summ           0%         N/A       67%         2
 Static Discharge         Conj/Air       0%         N/A       67%         2
 Wereblood                Tmut           0%         N/A       67%         2
 Call Canine Familiar     Summ           0%         N/A       88%         3
 Conjure Flame            Conj/Fire      0%         6-21      88%         3
 Dazzling Flash           Conj/Hex       0%         N/A       88%         3
 Ignite Poison            Fire/Tmut/Pois 0%         N/A       88%         3
 Inner Flame              Hex/Fire       0%         N/A       88%         3
 Lesser Beckoning         Tloc           0%         N/A       88%         3
 Mephitic Cloud           Conj/Pois/Air  0%         N/A       88%         3
 Spider Form              Tmut/Pois      0%         N/A       88%         3
 Summon Guardian Golem    Hex/Summ       0%         N/A       88%         3
 Flame Wave               Conj/Fire      0%         2d4       99%         4
 Hailstorm                Conj/Ice       0%         3d3       99%         4
 Ice Form                 Ice/Tmut       0%         N/A       99%         4
 Iskenderun's Mystic Bla  Conj/Tloc      0%         2d3       99%         4
 Passage of Golubria      Tloc           0%         N/A       99%         4
 Sticky Flame             Conj/Fire      0%         2d3       99%         4
 Lightning Bolt           Conj/Air       0%         1d11      100%        5
 Summon Forest            Summ/Tloc      0%         N/A       100%        5
 Dispersal                Tloc           0%         N/A       100%        6
 Simulacrum               Ice/Necr       0%         N/A       100%        6
 Starburst                Conj/Fire      0%         6d3       100%        6
 Malign Gateway           Summ/Tloc      0%         N/A       100%        7
 Disjunction              Tloc           0%         N/A       100%        8
 Maxwell's Capacitive Co  Air            0%         ∞         100%        8
 Summon Horrible Things   Summ           0%         N/A       100%        8


Dungeon Overview and Level Annotations

Branches:
Dungeon (11/15)            Temple (1/1) D:6            Lair (6/6) D:9
  Swamp (4/4) Lair:3        Snake (0/4) Lair:4        Slime (0/5) Lair:6
    Orc (2/2) D:10            Elf (0/3) Orc:2         Sewer (visited)
 Bailey (visited)

Altars:
Ashenzari
Cheibriados
Dithmenos
Elyvilon
Fedhas
Gozag
Hepliaklqana
Kikubaaqudgha
Makhleb
Nemelex Xobeh
Okawaru
Qazlal
Ru
Sif Muna
Trog
Uskayaw
Vehumet
Wu Jian
Xom
Yredelemnul
Zin
The Shining One
Beogh
Jiyva

Shops:
D:2 *   D:5 (*   D:7 [   Orc:1 (   Orc:2 ?[=(


Innate Abilities, Weirdness & Mutations

You are too large for most types of armour.
You have claws for hands.
Your natural rate of healing is unusually fast.
You are covered in thick fur. (AC +2)
You have tough skin. (AC +1)
You have a beak for a mouth.
You have a pair of large horns on your head.
You have sharp toenails.
You are partially covered in iridescent scales. (AC +2)
You are mostly covered in large bone plates. (SH +6)
You have a somewhat thin skeletal structure. (Dex +2, Stealth+)
You have supernaturally acute eyesight. (SInv)
You are very agile. (Dex +4)
Your flesh is cold resistant. (rC+)
Your flesh is very heat resistant. (rF++)
You are highly strong-willed. (Will++)
You passively map a small area around you.
You are robust. (+10% HP)
Your muscles are very strong. (Str +4)
You have hidden genetic potential.
You sometimes lose the ability to read scrolls when taking damage.
You expend magic power (3 MP) to strengthen your wands.


Message History

The eight-headed hydra bites you!
You feel threatened and lose the ability to read scrolls!
The eight-headed hydra misses you. The eight-headed hydra bites you.
The eight-headed hydra barely misses you.
The spriggan is engulfed in noxious fumes.
The shambling mangrove hits you!!
* * * LOW HITPOINT WARNING * * *
The grasping roots constrict you.
* * * LOW HITPOINT WARNING * * *
You escape the roots' grasp.
The eight-headed hydra attacks as you move away!
The eight-headed hydra bites you but does no damage.
The eight-headed hydra misses you.
The eight-headed hydra completely misses you.
The eight-headed hydra closely misses you.
The eight-headed hydra barely misses you.
The eight-headed hydra bites you!
* * * LOW HITPOINT WARNING * * *
The eight-headed hydra barely misses you. x2
The spriggan hits the swamp drake but does no damage.
The eight-headed hydra attacks as you move away!
The eight-headed hydra bites you.
* * * LOW HITPOINT WARNING * * *
The eight-headed hydra completely misses you.
The eight-headed hydra bites you but does no damage.
The eight-headed hydra bites you!
* * * LOW HITPOINT WARNING * * *
The eight-headed hydra completely misses you.
The eight-headed hydra closely misses you.
The eight-headed hydra misses you.
You block the eight-headed hydra's attack.
The spriggan closely misses the swamp drake.
You cannot read scrolls in your current state!
Unknown command.
Unknown command.
Roots burst forth from the earth!
The grasping roots grab you! The grasping roots constrict you!!
You die...
Xom howls with laughter!

○§###.†##* ♣≈....≈..♣♣
##* ##†.## ♣♣.....≈♣♣♣
* , ##≈.###♣..≈≈..≈♣♣
, ∆∆#♣.≈≈D.....♣≈§.♣ ≈
≈∆*♣≈i≈.≈......≈♣♣ ≈
*♣.≈.≈kk.....♣.♣♣
#.≈###♣fD.≈.≈.≈.♣♣♣♣
*#≈≈## ♣.≈§....≈♣♣♣.♣♣
, #≈.# ♣..≈@...≈.♣§..♣
, D..# ♣♣≈..≈.≈≈....♣♣
≈...# *
♣≈≈.........♣♣♣ , ###
, *♣♣..♣.....♣.♣♣≈♣♣
∆*♣.≈.≈...♣♣..♣.≈≈♣ ,
≈,*♣♣§."♣♣≈≈≈♣§....♣♣
, ** ≈
♣♣≈.♣≈≈≈≈≈♣♣..♣.♣♣ * *
**♣♣♣♣..≈≈≈≈≈≈≈♣≈...≈♣
♣ *
♣♣.♣♣≈≈♣≈≈≈≈≈≈§≈≈.≈.♣


You could see a shambling mangrove, an eight-headed hydra (strong), a
seven-headed hydra (strong), 2 swamp drakes and a spriggan (confused).

Vanquished Creatures
  Jorgrun (Orc:2)
  Gastronok (D:10)
  A fenstrider witch (Swamp:4)
  A ghoul (Swamp:4)
  A very ugly thing (D:10)
  4 eleionomae
  A bunyip (Swamp:3)
  A dire elephant (Lair:6)
  2 shambling mangroves (Swamp:4)
  Erolcha (D:10)
  Harold (D:10)
  13 hydras
  3 catoblepae
  A deep troll shaman (Lair:6)
  A spriggan air mage (Swamp:1)
  12 death yaks
  13 alligators
  3 orc high priests (Orc:2)
  Sonja (D:10)
  Nergalle (D:10)
  7 spriggans
  4 spriggan druids
  2 steelbarb worms
  5 goliath frogs
  7 bog bodies
  2 wizards (D:10)
  9 swamp dragons
  4 orc knights (Orc:2)
  6 ugly things
  5 orc sorcerers
  A cyclops (Orc:1)
  A will-o-the-wisp (Swamp:2)
  17 elephants
  10 black mambas
  3 torpor snails
  9 cane toads
  6 komodo dragons
  4 rime drakes
  4 polar bears
  3 trolls
  6 hornets
  11 tyrant leeches
  Prince Ribbit (D:5)
  4 slime creatures (Lair:6)
  10 dream sheep
  16 blink frogs
  54 yaks
  A wraith (D:11)
  A spriggan (shapeshifter) (Lair:1)
  9 basilisks
  5 wyverns
  7 vampire mosquitoes
  A redback (shapeshifter) (D:7)
  2 steam dragons
  3 wargs
  18 swamp worms
  2 acid dragons
  15 water moccasins
  A swamp drake (Swamp:4)
  22 orc warriors
  A tengu (Lair:2)
  3 black bears
  2 sky beasts (D:7)
  6 ogres
  A boggart (D:9)
  22 wolves
  7 centaurs
  2 phantoms
  3 kobold brigands
  2 scorpions (D:7)
  2 gnoll sergeants (D:8)
  12 bullfrogs
  6 necrophages
  5 wights (D:9)
  7 killer bees (D:9)
  2 electric eels
  4 howler monkeys
  5 hounds
  6 jellies
  20 orc priests
  2 iguanas
  21 orc wizards
  6 hell rats
  6 gnolls
  8 adders
  7 river rats (Sewer)
  A shadow imp (D:7)
  A white imp (D:8)
  An ufetubus (D:7)
  2 dart slugs
  58 orcs
  3 bats
  4 endoplasms
  2 giant cockroaches (D:1)
  7 goblins
  10 hobgoblins
  2 jackals (D:1)
  3 quokkas
  14 ball pythons
  5 frilled lizards
  28 kobolds
  22 rats (Sewer)
692 creatures vanquished.

Vanquished Creatures (collateral kills)
  A death yak (Lair:5)
  2 elephants (Lair:2)
  2 wyverns (D:9)
  A basilisk (D:9)
  2 yaks
  A water moccasin (Lair:6)
  An orc warrior (D:9)
  An ogre (D:4)
  An orc wizard (D:9)
  2 river rats (Sewer)
  An orc (D:9)
15 creatures vanquished.

Vanquished Creatures (others)
  An alligator (Swamp:3)
  5 bloated husks
  A blink frog (Lair:6)
  A spriggan (Swamp:3)
  A yak (Lair:3)
  A swamp drake (Swamp:3)
  An orc wizard (Orc:1)
  4 foxfires (Swamp:2)
  71 fungi
  95 plants
181 creatures vanquished.

Grand Total: 888 creatures vanquished

Notes
Turn   | Place    | Note
-------+----------+-------------------------------------------
     0 | D:1      | holysushi the Troll Chaos Knight began the quest for the
                  | Orb.
     0 | D:1      | Reached XP level 1. HP: 22/22 MP: 0/0
    87 | D:1      | Reached skill level 3 in Maces & Flails
    87 | D:1      | Reached XP level 2. HP: 27/29 MP: 1/1
   166 | D:1      | XOM: divination: magic mapping
   427 | D:1      | XOM: silly message
   475 | D:1      | Found a faded altar of an unknown god.
   600 | D:1      | XOM: silly message
   607 | D:1      | XOM: silly message
   656 | D:2      | Found Ociraidu's General Store.
   656 | D:2      | You fall into a shaft and drop 2 floors!
   656 | D:4      | XOM: stealth player
   799 | D:4      | Reached XP level 3. HP: 36/36 MP: 2/2
  1050 | D:3      | Found a glowing drain.
  1064 | Sewer    | Entered a sewer
  1133 | Sewer    | XOM: cast spell 'Summon Mana Viper'
  1137 | Sewer    | Reached XP level 4. HP: 39/44 MP: 3/3
  1216 | Sewer    | Reached skill level 4 in Maces & Flails
  1622 | Sewer    | XOM: draining
  1636 | Sewer    | Gained mutation: You have hidden genetic potential. [potion
                  | of mutation]
  1636 | Sewer    | Gained mutation: You have great hidden genetic potential.
                  | [potion of mutation]
  1636 | Sewer    | Gained mutation: You are agile. (Dex +2) [potion of
                  | mutation]
  1666 | Sewer    | Reached XP level 5. HP: 46/47 MP: 4/4
  1929 | Sewer    | XOM: silly message
  2058 | Sewer    | XOM: enchant monster (good)
  2073 | Sewer    | XOM: polymorph ball python -> dart slug
  2101 | Sewer    | Gained mutation: You have supernaturally acute eyesight.
                  | (SInv) [hidden potential]
  2130 | Sewer    | Reached skill level 5 in Maces & Flails
  2130 | Sewer    | Reached XP level 6. HP: 55/62 MP: 5/5
  2405 | D:3      | Gained mutation: You have a pair of small antennae on your
                  | head. [hidden potential]
  2405 | D:3      | Lost mutation: You have great hidden genetic potential.
                  | [hidden potential expressed]
  2828 | D:4      | XOM: 1-stop teleportation journey
  2839 | D:4      | XOM: enchant monster (bad)
  2841 | D:4      | Reached XP level 7. HP: 70/70 MP: 6/6
  3217 | D:4      | XOM: confuse monster(s)
  3220 | D:4      | Reached skill level 6 in Maces & Flails
  3251 | D:4      | XOM: give mutations
  3251 | D:4      | Gained mutation: You sometimes lose the ability to read
                  | scrolls when taking damage. [Xom's mischief]
  3251 | D:4      | Gained mutation: You are resistant to electric shocks.
                  | (rElec) [Xom's mischief]
  3655 | D:5      | Entered Level 5 of the Dungeon
  3656 | D:5      | Found Wuloiqobb's Serpentskin Sales.
  3659 | D:5      | XOM: cast spell 'Statue Form'
  3690 | D:4      | Gained mutation: Your mind is acute. (Int +2) [hidden
                  | potential]
  3741 | D:5      | XOM: silly message
  3776 | D:5      | Noticed Prince Ribbit
  3786 | D:5      | Killed Prince Ribbit
  3787 | D:5      | Reached skill level 5 in Fighting
  3787 | D:5      | Reached skill level 7 in Maces & Flails
  3787 | D:5      | Reached XP level 8. HP: 38/80 MP: 7/7
  3881 | D:5      | XOM: smoke on damage
  3964 | D:5      | Found Icuepam's Weapon Emporium.
  3997 | D:5      | XOM: destruction
  4078 | D:5      | Found a blossoming altar of Fedhas.
  4218 | D:4      | Gained mutation: You are partially covered in iridescent
                  | scales. (AC +2) [hidden potential]
  4218 | D:4      | Lost mutation: You have hidden genetic potential. [hidden
                  | potential expressed]
  4276 | D:5      | XOM: god gift: +1 cloak of preservation
  4281 | D:5      | Reached skill level 8 in Maces & Flails
  4522 | D:5      | XOM: give mutations
  4522 | D:5      | Gained mutation: Your flesh is cold resistant. (rC+) [Xom's
                  | grace]
  4522 | D:5      | Gained mutation: You have large cloven feet. [Xom's grace]
  4522 | D:5      | Gained mutation: Your muscles are strong. (Str +2) [Xom's
                  | grace]
  4522 | D:5      | Gained mutation: You possess an exceptional clarity of
                  | mind. [Xom's grace]
  4685 | D:5      | Found a sacrificial altar of Ru.
  4685 | D:5      | Found an opulent altar of Gozag.
  4786 | D:6      | XOM: cloud trail
  4851 | D:6      | XOM: summons friendly ufetubus
  4855 | D:6      | XOM: 1-stop teleportation journey
  5134 | D:6      | Reached XP level 9. HP: 83/89 MP: 8/8
  5195 | D:6      | XOM: summons 1 hostile demon
  5320 | D:6      | Found a staircase to the Ecumenical Temple.
  5463 | Temple   | Entered the Ecumenical Temple
  5674 | D:7      | XOM: confuse monster(s)
  5732 | D:7      | Found Hick's Armour Shop.
  5737 | D:7      | Bought a scarf of repulsion for 168 gold pieces
  5778 | D:7      | XOM: chaos cloud
  5782 | D:7      | Noticed a rime drake
  5782 | D:7      | a hornet changed into a rime drake
  5785 | D:7      | Noticed a glowing shapeshifter
  5785 | D:7      | a rime drake changed into a glowing shapeshifter
  5786 | D:7      | a glowing shapeshifter changed into a redback
  5789 | D:7      | XOM: summons friendly iron imp
  5796 | D:7      | Reached skill level 9 in Maces & Flails
  5802 | D:7      | Paralysed by you for 3 turns
  5826 | D:7      | XOM: 2-stop teleportation journey
  5890 | D:7      | Found a flagged portal.
  5899 | Bailey   | Entered a bailey
  5956 | Bailey   | XOM: summons 4 friendly demons
  6038 | Bailey   | XOM: enchant monster (bad)
  6045 | Bailey   | XOM: enchant monster (bad)
  6193 | Bailey   | XOM: enchant monster (bad)
  6220 | Bailey   | XOM: summons friendly ufetubus
  6414 | Bailey   | Reached skill level 1 in Evocations
  6424 | Bailey   | XOM: divination: detect items
  6756 | Bailey   | XOM: noise
  7056 | D:7      | XOM: god gift: scroll of teleportation
  7079 | D:7      | Reached skill level 5 in Dodging
  7155 | D:7      | XOM: potion effect (heal wounds)
  7243 | D:7      | Reached skill level 10 in Maces & Flails
  7352 | D:7      | XOM: noise
  7355 | D:7      | XOM: enchant monster (bad)
  7447 | D:7      | XOM: divination: detect creatures
  7585 | D:7      | XOM: noise
  7604 | D:7      | XOM: give mutations
  7604 | D:7      | Lost mutation: You have large cloven feet. [Xom's mischief]
  7604 | D:7      | Lost mutation: Your mind is acute. (Int +2) [Xom's
                  | mischief]
  7604 | D:7      | Lost mutation: You have a pair of small antennae on your
                  | head. [Xom's mischief]
  7768 | D:7      | Found a glowing silver altar of Zin.
  7768 | D:7      | Noticed an angel
  8229 | D:8      | XOM: noise
  8245 | D:7      | Reached XP level 10. HP: 94/100 MP: 9/9
  8277 | D:7      | XOM: noise
  8365 | D:8      | XOM is BORED!
  8365 | D:8      | XOM: noise
  8457 | D:8      | XOM: confuse monster(s)
  8530 | D:8      | XOM: polymorph gnoll -> orc
  8639 | D:8      | XOM: smoke on damage
  8729 | D:8      | Found a shimmering altar of Xom.
  8938 | D:8      | XOM: destruction
  8988 | D:8      | Found an iron altar of Okawaru.
  9164 | D:8      | XOM: give mutations
  9164 | D:8      | Gained mutation: Your muscles are very strong. (Str +4)
                  | [Xom's grace]
  9164 | D:8      | Gained mutation: You have an increased reservoir of magic.
                  | (+10% MP) [Xom's grace]
  9229 | D:8      | XOM: give mutations
  9229 | D:8      | Gained mutation: You have a beak for a mouth. [Xom's grace]
  9229 | D:8      | Gained mutation: Your spells are a little harder to cast,
                  | but a little more powerful. [Xom's grace]
  9229 | D:8      | Gained mutation: You are very agile. (Dex +4) [Xom's grace]
  9229 | D:8      | Gained mutation: Your spells are harder to cast, but more
                  | powerful. [Xom's grace]
  9250 | D:8      | Found a white marble altar of Elyvilon.
  9503 | D:9      | XOM: give mutations
  9503 | D:9      | Gained mutation: You expend magic power (3 MP) to
                  | strengthen your wands. [Xom's grace]
  9503 | D:9      | Gained mutation: You are strong-willed. (Will+) [Xom's
                  | grace]
  9503 | D:9      | Gained mutation: You passively map a small area around you.
                  | [Xom's grace]
  9503 | D:9      | Gained mutation: You are partially covered in large bone
                  | plates. (SH +4) [Xom's grace]
  9626 | D:9      | XOM: polymorph wyvern -> boggart
  9640 | D:9      | Reached skill level 11 in Maces & Flails
  9843 | D:9      | XOM: divination: detect creatures
  9906 | D:9      | XOM: noise
 10069 | D:9      | Found an ancient bone altar of Kikubaaqudgha.
 10177 | D:9      | XOM: noise
 10180 | D:9      | XOM: cast spell 'Monstrous Menagerie'
 10236 | D:9      | Found a staircase to the Lair.
 10390 | D:9      | Found a shimmering blue altar of Sif Muna.
 10526 | D:10     | Entered Level 10 of the Dungeon
 10540 | D:10     | Paralysed by a hornet for 3 turns
 10545 | D:10     | Reached XP level 11. HP: 53/110 MP: 11/11
 10663 | D:10     | Noticed Sonja
 10664 | D:10     | XOM: divination: detect creatures
 10671 | D:10     | Killed Sonja
 10683 | D:10     | XOM: noise
 10727 | D:10     | Found a stormy altar of Qazlal.
 10757 | D:10     | Noticed Harold
 10759 | D:10     | Noticed Nergalle
 10762 | D:10     | XOM: enchant monster (good)
 10771 | D:10     | Killed Harold
 10778 | D:10     | Killed Nergalle
 10779 | D:10     | Reached skill level 12 in Maces & Flails
 10789 | D:10     | XOM: noise
 11006 | D:11     | XOM: cleaving
 11076 | D:10     | Found a staircase to the Orcish Mines.
 11150 | D:10     | XOM: cloud trail
 11201 | D:10     | Noticed Gastronok
 11206 | D:10     | XOM: summons friendly crimson imp
 11208 | D:10     | XOM: polymorph crimson imp -> shadow imp
 11217 | D:10     | XOM: enchant monster (good)
 11228 | D:10     | Killed Gastronok
 11280 | D:10     | Found a runed translucent door.
 11323 | D:10     | Found a snail-covered altar of Cheibriados.
 11341 | D:10     | XOM: cleaving
 11343 | D:10     | XOM: enchant monster (good)
 11360 | D:10     | Found a sparkling altar of Nemelex Xobeh.
 11423 | D:10     | XOM: summons 3 hostile shadow creatures
 11527 | D:10     | Found a burning altar of Makhleb.
 11576 | D:10     | XOM: stat loss: -1 Dex (16/17)
 11591 | D:10     | Noticed a white ugly thing
 11591 | D:10     | Noticed a purple ugly thing
 11592 | D:10     | Noticed a green ugly thing
 11592 | D:10     | Noticed a cyan ugly thing
 11709 | Lair:1   | Entered Level 1 of the Lair of Beasts
 11725 | Lair:1   | XOM: fake destruction
 11745 | Lair:1   | XOM: summons 6 friendly demons
 11758 | Lair:1   | XOM: polymorph ufetubus -> shadow imp
 12046 | Lair:1   | XOM: polymorph komodo dragon -> troll
 12048 | Lair:1   | XOM: polymorph troll -> shapeshifter
 12127 | Lair:1   | XOM: give mutations
 12127 | Lair:1   | Gained mutation: You have a pair of small horns on your
                  | head. [Xom's grace]
 12127 | Lair:1   | Gained mutation: You are covered in thick fur. (AC +2)
                  | [Xom's grace]
 12127 | Lair:1   | Gained mutation: Your movements are slightly less
                  | encumbered by armour. (ER -2) [Xom's grace]
 12127 | Lair:1   | Gained mutation: Your spells are much harder to cast, but
                  | much more powerful. [Xom's grace]
 12176 | Lair:1   | XOM: confuse monster(s)
 12184 | Lair:1   | Reached skill level 13 in Maces & Flails
 12683 | Lair:2   | XOM: polymorph yak -> blink frog
 12684 | Lair:2   | XOM: polymorph blink frog -> tengu
 12693 | Lair:2   | XOM: confuse monster(s)
 12697 | Lair:2   | XOM: summons friendly iron imp
 12721 | Lair:2   | Reached XP level 12. HP: 93/122 MP: 12/12
 12838 | Lair:2   | XOM: cleaving
 12848 | Lair:2   | XOM: cleaving
 12859 | Lair:2   | XOM: polymorph elephant -> steelbarb worm
 12880 | Lair:2   | XOM: swap monsters
 12886 | Lair:2   | XOM: summons 4 friendly demons
 13061 | Lair:2   | XOM: noise
 13094 | Lair:2   | XOM: swap monsters
 13109 | Lair:2   | XOM: scenery: create altars
 13110 | Lair:2   | XOM: 2-stop teleportation journey
 13304 | Lair:2   | XOM: stat loss: -1 Int (7/8)
 13307 | Lair:2   | XOM: enchant monster (good)
 13443 | Lair:2   | XOM: noise
 13447 | Lair:2   | XOM: cast spell 'Call Canine Familiar'
 13541 | Lair:2   | Reached skill level 14 in Maces & Flails
 13834 | Lair:3   | XOM: polymorph lindwurm -> steelbarb worm
 13835 | Lair:3   | XOM: confuse monster(s)
 13838 | Lair:3   | XOM: scenery: summon butterflies
 13971 | Lair:3   | XOM: enchant monster (bad)
 13991 | Lair:3   | XOM: enchant monster (good)
 13996 | Lair:3   | XOM: summons friendly ufetubus
 14009 | Lair:3   | XOM: destruction
 14123 | Lair:3   | XOM: give mutations
 14123 | Lair:3   | Lost mutation: Your flesh is cold resistant. (rC+) [Xom's
                  | mischief]
 14123 | Lair:3   | Lost mutation: Your spells are much harder to cast, but
                  | much more powerful. [Xom's mischief]
 14123 | Lair:3   | Lost mutation: You expend magic power (3 MP) to strengthen
                  | your wands. [Xom's mischief]
 14123 | Lair:3   | Lost mutation: Your movements are slightly less encumbered
                  | by armour. (ER -2) [Xom's mischief]
 14229 | Lair:3   | XOM: give mutation
 14229 | Lair:3   | Gained mutation: You expend magic power (3 MP) to
                  | strengthen your wands. [Xom's grace]
 14476 | Lair:3   | XOM: summons 10 friendly demons
 14631 | Lair:3   | XOM: potion effect (might)
 14665 | Lair:3   | XOM: fog
 14673 | Lair:3   | Found a staircase to the Swamp.
 14806 | Lair:3   | Reached skill level 1 in Stealth
 14806 | Lair:3   | Reached XP level 13. HP: 121/133 MP: 13/13
 14809 | Lair:3   | XOM: scenery: 1 doors open
 14923 | Lair:3   | Reached skill level 10 in Fighting
 15218 | Lair:3   | XOM: divination: detect items
 15256 | Lair:3   | XOM: give mutations
 15256 | Lair:3   | Gained mutation: Your flesh is heat resistant. (rF+) [Xom's
                  | grace]
 15256 | Lair:3   | Gained mutation: You have sharp toenails. [Xom's grace]
 15462 | Lair:4   | XOM: silly message
 15464 | Lair:4   | Found a staircase to the Snake Pit.
 15686 | Lair:4   | XOM: silly message
 15691 | Lair:4   | Reached skill level 15 in Maces & Flails
 16045 | Lair:4   | XOM: silly message
 16048 | Lair:4   | XOM: potion effect (heal wounds)
 16252 | Lair:4   | XOM: silly message
 16519 | Lair:5   | XOM: silly message
 16600 | Lair:5   | XOM: confuse monster(s)
 16601 | Lair:5   | XOM: divination: detect items
 16613 | Lair:4   | XOM: summons 3 friendly demons
 16678 | Lair:5   | XOM: confuse monster(s)
 17074 | Lair:5   | XOM: destruction
 17077 | Lair:5   | XOM: divination: detect items
 17198 | Lair:5   | XOM: blink monster(s)
 17207 | Lair:5   | XOM: fog
 17219 | Lair:5   | XOM: cleaving
 17235 | Lair:5   | XOM: cast spell 'Summon Horrible Things'
 17256 | Lair:5   | XOM: summons 2 friendly demons
 17263 | Lair:5   | XOM: enchant monster (bad)
 17870 | Lair:6   | Entered Level 6 of the Lair of Beasts
 17892 | Lair:5   | XOM: noise
 17957 | Lair:6   | Found a viscous altar of Jiyva.
 17957 | Lair:6   | Found a staircase to the Slime Pits.
 18161 | Lair:5   | XOM: chaos cloud
 18190 | Lair:6   | XOM: silly message
 18209 | Lair:6   | XOM: divination: magic mapping
 18336 | Lair:5   | XOM: divination: detect items
 18465 | Lair:6   | XOM: potion effect (might)
 18485 | Lair:5   | Reached skill level 16 in Maces & Flails
 18571 | Lair:6   | XOM: silly message
 18591 | Lair:6   | Reached skill level 10 in Dodging
 18628 | Lair:6   | XOM: potion effect (might)
 18710 | Lair:6   | XOM: potion effect (invisibility)
 18729 | Lair:6   | XOM: potion effect (haste)
 18733 | Lair:6   | XOM: potion effect (haste)
 18754 | Lair:6   | Reached XP level 14. HP: 144/144 MP: 10/14
 18818 | Lair:6   | XOM: potion effect (berserk rage)
 18824 | Lair:6   | XOM: potion effect (might)
 18829 | Lair:6   | XOM: potion effect (curing)
 18927 | Lair:6   | XOM: divination: magic mapping
 18953 | Lair:6   | XOM: potion effect (brilliance)
 18966 | Lair:6   | XOM: silly message
 19001 | Lair:6   | XOM: silly message
 19142 | Lair:6   | XOM: potion effect (brilliance)
 19255 | Lair:6   | XOM: potion effect (brilliance)
 19261 | Lair:6   | XOM: silly message
 19268 | Lair:6   | XOM: potion effect (brilliance)
 19271 | Lair:6   | XOM: potion effect (haste)
 19289 | Lair:6   | XOM: noise
 19293 | Lair:6   | XOM: swap monsters
 19318 | Lair:6   | XOM: enchant monster (good)
 19325 | Lair:6   | XOM: summons 2 friendly demons
 19443 | Lair:6   | XOM: scenery: create altars
 19481 | Lair:6   | XOM: god gift: lumpy black potion {god gift}
 19487 | Lair:6   | XOM: god gift: 30 gold pieces
 19535 | Lair:6   | XOM: scenery: summon butterflies
 19667 | Lair:6   | Noticed a quicksilver ooze
 19844 | Lair:6   | XOM: 4-stop teleportation journey
 20348 | D:10     | XOM: give mutations
 20348 | D:10     | Gained mutation: You have a pair of horns on your head.
                  | [Xom's grace]
 20348 | D:10     | Gained mutation: Your flesh is very heat resistant. (rF++)
                  | [Xom's grace]
 20348 | D:10     | Gained mutation: You have a somewhat thin skeletal
                  | structure. (Dex +2, Stealth+) [Xom's grace]
 20412 | D:9      | XOM: give mutations
 20412 | D:9      | Lost mutation: You have an increased reservoir of magic.
                  | (+10% MP) [Xom's mischief]
 20412 | D:9      | Lost mutation: Your spells are harder to cast, but more
                  | powerful. [Xom's mischief]
 20412 | D:9      | Lost mutation: Your flesh is very heat resistant. (rF++)
                  | [Xom's mischief]
 20412 | D:9      | Lost mutation: Your spells are a little harder to cast, but
                  | a little more powerful. [Xom's mischief]
 20413 | D:9      | Reached skill level 17 in Maces & Flails
 20512 | D:10     | XOM: summons friendly white imp
 20585 | D:10     | XOM: enchant monster (good)
 20709 | D:10     | Noticed Erolcha
 20717 | D:10     | Killed Erolcha
 20787 | D:10     | Noticed a brown very ugly thing
 20791 | D:10     | Killed a brown very ugly thing
 20799 | D:10     | Got the Collected Works on Displacement
 20994 | Orc:1    | Entered Level 1 of the Orcish Mines
 21191 | Orc:2    | Entered Level 2 of the Orcish Mines
 21191 | Orc:2    | Found a staircase to the Elven Halls.
 21668 | Orc:2    | XOM: divination: detect creatures
 21695 | Orc:2    | XOM: scenery: summon butterflies
 21704 | Orc:2    | XOM: 1-stop teleportation journey
 21707 | Orc:2    | XOM: summons friendly iron imp
 21717 | Orc:2    | XOM: summons 2 friendly demons
 21774 | Orc:2    | XOM: cleaving
 21784 | Orc:2    | XOM: enchant monster (bad)
 21825 | Orc:2    | Found Vocidwi's Jewellery Boutique.
 21825 | Orc:2    | Found Hischeina's Weapon Shoppe.
 21828 | Orc:2    | Found Cuvetti's Armour Boutique.
 21828 | Orc:2    | Found Wedd's Magic Scroll Shoppe.
 21845 | Orc:2    | Bought a scroll of enchant armour for 105 gold pieces
 21845 | Orc:2    | Bought a scroll of blinking for 105 gold pieces
 21845 | Orc:2    | Bought a scroll of enchant weapon for 105 gold pieces
 21845 | Orc:2    | Bought a scroll of acquirement for 728 gold pieces
 21847 | Orc:2    | Acquired the ring "Muphofod" {Fly rF+ Will+ EV+4}
 21970 | Orc:2    | Found Wiosy's Antique Weapon Boutique.
 22122 | Orc:1    | Noticed Jorgrun
 22127 | Orc:1    | XOM: summons friendly neqoxec
 22132 | Orc:2    | XOM: enchant monster (good)
 22137 | Orc:2    | Killed Jorgrun
 22138 | Orc:2    | Reached XP level 15. HP: 108/156 MP: 14/14
 22246 | Orc:1    | Found Beehy's Weapon Shop.
 22266 | Orc:1    | XOM: scenery: summon butterflies
 22591 | Swamp:1  | Entered Level 1 of the Swamp
 22844 | Swamp:1  | XOM: scenery: create altars
 22880 | Swamp:1  | XOM: give mutations
 22880 | Swamp:1  | Gained mutation: You are highly strong-willed. (Will++)
                  | [Xom's grace]
 22880 | Swamp:1  | Gained mutation: You are mostly covered in iridescent
                  | scales. (AC +4) [Xom's grace]
 22880 | Swamp:1  | Gained mutation: You have razor-sharp toenails. [Xom's
                  | grace]
 22880 | Swamp:1  | Gained mutation: Your flesh is cold resistant. (rC+) [Xom's
                  | grace]
 22914 | Swamp:1  | XOM: enchant monster (good)
 22917 | Swamp:1  | XOM: potion effect (might)
 23031 | Swamp:1  | Identified the amulet "Qefol" {Acrobat Stlth+}
 23180 | Swamp:1  | XOM: cast spell 'Summon Ice Beast'
 23292 | Swamp:2  | XOM: 2-stop teleportation journey
 23295 | Swamp:2  | XOM: 2-stop teleportation journey
 23300 | Swamp:2  | Reached skill level 18 in Maces & Flails
 23643 | Swamp:2  | XOM: enchant monster (bad)
 23904 | Swamp:3  | XOM: give mutations
 23904 | Swamp:3  | Lost mutation: You possess an exceptional clarity of mind.
                  | [Xom's mischief]
 23904 | Swamp:3  | Lost mutation: You have razor-sharp toenails. [Xom's
                  | mischief]
 23973 | Swamp:3  | XOM: confusion (+ monsters)
 24007 | Swamp:3  | XOM: potion effect (brilliance)
 24009 | Swamp:3  | XOM: silly message
 24046 | Swamp:3  | XOM: enchant monster (good)
 24164 | Swamp:2  | XOM: give mutations
 24164 | Swamp:2  | Gained mutation: You are robust. (+10% HP) [Xom's grace]
 24164 | Swamp:2  | Gained mutation: You are mostly covered in large bone
                  | plates. (SH +6) [Xom's grace]
 24164 | Swamp:2  | Gained mutation: You have a pair of large horns on your
                  | head. [Xom's grace]
 24164 | Swamp:2  | Gained mutation: You are extremely strong-willed. (Will+++)
                  | [Xom's grace]
 24202 | Swamp:3  | XOM: noise
 24411 | Swamp:4  | Entered Level 4 of the Swamp
 24503 | Swamp:4  | XOM: divination: detect items
 24526 | Swamp:4  | XOM: god gift: 61 gold pieces
 24689 | Swamp:4  | XOM: enchant monster (bad)
 24957 | Swamp:4  | XOM: enchant monster (good)
 24966 | Swamp:4  | XOM: summons friendly iron imp
 25074 | Swamp:4  | XOM: give mutations
 25074 | Swamp:4  | Lost mutation: You are mostly covered in iridescent scales.
                  | (AC +4) [Xom's mischief]
 25074 | Swamp:4  | Lost mutation: You are extremely strong-willed. (Will+++)
                  | [Xom's mischief]
 25074 | Swamp:4  | Lost mutation: You are resistant to electric shocks.
                  | (rElec) [Xom's mischief]
 25074 | Swamp:4  | Lost mutation: You expend magic power (3 MP) to strengthen
                  | your wands. [Xom's mischief]
 25100 | Swamp:4  | XOM: summons friendly iron imp
 25117 | Swamp:4  | Reached XP level 16. HP: 90/183 MP: 15/15
 25344 | Swamp:4  | XOM: give mutations
 25344 | Swamp:4  | Gained mutation: You expend magic power (3 MP) to
                  | strengthen your wands. [Xom's grace]
 25344 | Swamp:4  | Gained mutation: Your flesh is very heat resistant. (rF++)
                  | [Xom's grace]
 25344 | Swamp:4  | Gained mutation: You have hidden genetic potential. [Xom's
                  | grace]
 25394 | Swamp:4  | XOM: divination: detect items
 25410 | Swamp:4  | XOM: fog
 25420 | Swamp:4  | Reached skill level 1 in Armour
 25459 | Swamp:4  | Constricted to death by a shambling mangrove

Illustrated notes

Levels and vault maps discovered:
D:1:      wheals_arrival_shading, layout_basic,
          dreamdust_ecumenical_altar_hidden_monk_grotto
D:2:      kb_forest_paths, layout_basic, serial_shops,
          nicolae_shop_hallway_stairs, minmay_misc_feat_room,
          grunt_decor_arrowhead, chequers_jeans, skrybe_limestone_x,
          chequers_serial_rivers_micro_b, minmay_misc_feat_rows,
          kennysheep_minor_cross, minmay_tromino_v7
D:3:      layout_loops_ring, portal_sewer_entry_d
D:4:      layout_loops_corners, serial_bayou_crossing
D:5:      wander_river, layout_rooms, nicolae_overflow_hidden_temple,
          serial_shops, nicolae_shop_advertising_works
          [nicolae_subvault_shop_adworks], guppyfry_shop_venom,
          uniq_prince_ribbit1
D:6:      layout_loops_ring, lemuel_temple_firewalk_a,
          chequers_serial_rivers_micro_d, hangedman_decor_slide_cut
D:7:      layout_layer_cave, zin_angel, serial_shops, nicolae_square_shop,
          enter_bailey_2
D:8:      nicolae_cairo_tiling_large_dashed, layout_basic,
          amcnicky_altar_gilded, general_overflow_altar,
          overflow_temple_1_default, kennysheep_cross_bottleneck
D:9:      layout_basic, marbit_many_paths, kennysheep_mini_moat,
          erik_lair_dragon
D:10:     cheibrodos_breeding_chamber, layout_irregular_city,
          mainiacjoe_overflow_catwalk, mainiacjoe_overflow_catch_the_wave,
          lemuel_tele_altar, david_orc_3, minmay_misc_feat_chi,
          lightli_church_of_beogh, uniq_gastronok, uniq_nergalle, uniq_sonja,
          uniq_harold, uniq_erolcha
D:11:     layout_stronghold, serial_bayou, serial_bayou_shore_b,
          serial_bayou_pond_a, serial_bayou_lake_a, serial_bayou_shore_b,
          minmay_fire_ice_demons, uniq_urug
Temple:   nicolae_temple_figure_zero
Lair:1:   layout_loops_ring, grunt_megastairs_1, lemuel_fruit_tree,
          infiniplex_staircase_pool_2, serial_bayou_shore_b,
          serial_bayou_shore_a, serial_bayou_shore_b
Lair:2:   layout_regular_city, infiniplex_staircase_pool
Lair:3:   layout_chaotic_city, nicolae_swamp_entry_splash_gauntlet
Lair:4:   layout_concentric_octagons, dummy_snake_entry,
          chequers_serial_rivers_micro_d
Lair:5:   layout_cave_pods, serial_bayou_pond_b, beast_lair_carwin_10
Lair:6:   grunt_lair_end_beastmaster, layout_loops_ring, slime_altar_1,
          nicolae_lair_time_for_slime
Swamp:1:  layout_falls_marsh, evilmike_swamp_ruin_house_4, swamp_pool1
Swamp:2:  layout_falls_marsh, evilmike_swamp_ruin_house_2, swamp_pool1,
          nicolae_swamp_some_circles
Swamp:3:  layout_falls_marsh, nicolae_swamp_stair_fork
Swamp:4:  swamp_basic_johnstein, layout_basic_swamp, swamp_pool2
Orc:1:    layout_caves, serial_shops, nicolae_shop_bloodbath_and_beyond,
          uniq_jorgrun
Orc:2:    grunt_orc_tribal_feast, layout_caves, serial_shops,
          nicolae_shop_statue_plus, minmay_orc_temple_a

Skill      XL: |  1  2  3  4  5  6  7  8  9 10 11 12 13 14 15 16 |
---------------+-------------------------------------------------+-----
Dodging        | 2 4 5 6 7 8 10 11 12 | 12.8
Maces & Flails | 3 4 5 7 8 10 11 13 14 16 17 18 | 18.8
Fighting       | 3 4 5 6 7 8 9 10 11 12 | 12.7
Evocations     | 1 2 |  2.0
Stealth        | 1 2 |  2.0
Armour         | 1 |  1.2

Action                   |  1- 3 |  4- 6 |  7- 9 | 10-12 | 13-15 | 16-18 || total
-------------------------+-------+-------+-------+-------+-------+-------++-------
Melee: Mace              |    61 |       |       |       |       |       ||    61
       Flail             |    33 |       |       |       |       |       ||    33
       Whip              |    29 |   210 |   455 |   833 |   718 |       ||  2245
       Punch             |       |       |     6 |    20 |    14 |       ||    40
       Kick              |       |       |    91 |       |   472 |    15 ||   578
       Giant spiked club |       |       |    23 |    41 |   402 |    46 ||   512
       Peck              |       |       |       |   190 |   299 |    16 ||   505
       Headbutt          |       |       |       |   108 |   317 |     8 ||   433
Throw: Boomerang         |       |       |     8 |     3 |       |       ||    11
Evoke: Piece from Xom's  |    15 |       |       |     8 |     1 |       ||    24
       Wand              |       |       |     1 |    10 |     4 |       ||    15
  Use: Scroll            |     5 |     8 |     6 |     5 |    13 |     1 ||    38
       Potion            |       |     1 |     4 |     7 |     2 |       ||    14
 Stab: Sleeping          |     1 |       |       |     3 |    19 |       ||    23
       Paralysed         |       |       |     4 |    14 |       |       ||    18
       Confused          |       |       |     2 |     4 |     1 |       ||     7
       Distracted        |       |       |       |     2 |     3 |       ||     5
       Petrified         |       |       |       |       |     9 |       ||     9
       Invisible         |       |       |       |       |    13 |       ||    13
Armor: Robe              |    68 |   110 |   128 |   157 |   148 |     1 ||   612
       Skin              |       |       |    26 |    12 |       |       ||    38
       Swamp dragon scal |       |       |       |       |       |    13 ||    13
Dodge: Dodged            |    77 |   140 |   270 |   403 |   634 |    82 ||  1606
       Repelled          |       |       |     3 |     7 |     7 |       ||    17
Block: Other             |       |       |       |    86 |   132 |    11 ||   229

Table legend: (Time is in decaauts)
 A = Elapsed time spent in this place.
 B = Non-inter-level travel time spent in this place.
 C = Inter-level travel time spent in this place.
 D = Time resting spent in this place.
 E = Time spent auto-exploring this place.
 F = Levels seen in this place.
 G = Mean time per level.
                   A        B        C        D        E       F      G
               +--------+--------+--------+--------+--------+-----+--------+
         Total |  24615 |  23493 |   1122 |   3966 |  11505 |  26 |  946.7 |
       Dungeon |  10000 |   9443 |    557 |   1177 |   5488 |  11 |  909.1 |
        Temple |    123 |    113 |     10 |      0 |    113 |   1 |  123.0 |
          Lair |   8021 |   7550 |    471 |   1369 |   3952 |   6 | 1336.8 |
         Swamp |   2836 |   2778 |     58 |    476 |   1065 |   4 |  709.0 |
  Orcish Mines |   1404 |   1378 |     26 |     36 |    730 |   2 |  702.0 |
         Sewer |   1163 |   1163 |      0 |    536 |     33 |   1 | 1163.0 |
        Bailey |   1066 |   1066 |      0 |    371 |    122 |   1 | 1066.0 |
               +--------+--------+--------+--------+--------+-----+--------+

Top non-repeatable levels by time:
  Lair:5: 1712 daAuts
  Lair:6: 1669 daAuts
     D:7: 1611 daAuts
  Lair:3: 1508 daAuts
    D:10: 1438 daAuts
     D:9: 1416 daAuts
   Sewer: 1163 daAuts
     D:4: 1158 daAuts
  Lair:4: 1130 daAuts
  Bailey: 1066 daAuts
  Lair:2: 1032 daAuts
 Swamp:4: 1031 daAuts
   Orc:2: 1018 daAuts
  Lair:1: 968 daAuts
     D:8: 920 daAuts
